[Event "Nordic Chess-ch 2019"]
[Site "Sarpsborg"]
[Date "2019.06.22"]
[Round "3.34"]
[White "Rukovci, Shemsi"]
[Black "Store, Trond"]
[Result "0-1"]
[ECO "B51"]
[WhiteElo "1907"]
[BlackElo "2100"]
[Annotator "ChessBase"]
[PlyCount "117"]
[EventDate "2019.06.21"]
[EventType "swiss"]
[EventCountry "NOR"]
[SourceTitle "playchess.com"]
[Source "ChessBase"]
[SourceQuality "1"]
[TimeControl "40/5400+30:1800+30"]

1. e4 c5 2. Nf3 d6 3. Bb5+ Nd7 4. a4 a6 5. Bc4 e6 6. Nc3 Ngf6 7. d3 Be7 8. Qe2 Ne5 9. Bb3 Bd7 10. Nxe5 dxe5 11. a5 Bc6 12. Bd2 Nd7 13. Qg4 Bf6 14. h4 h5 15. Qg3 Rc8 16. Nd1 Nf8 17. Ne3 Bb5 18. Nc4 Bxc4 19. Bxc4 Qe7 20. Rb1 Ng6 21. b4 Bxh4 22. Qf3 cxb4 23. Bxb4 Qc7 24. Bd2 Bf6 25. Rxh5 Rxh5 26. Qxh5 Kd7 27. Rb6 Re8 28. Bb4 Be7 29. c3 Bxb4 30. cxb4 Ke7 31. g3 Kf6 32. Qf3+ Ke7 33. Qe3 Rc8 34. Qg5+ Kf8 35. Qh5 Rd8 36. Kf1 Rd6 37. Rxd6 Qxd6 38. Qg5 Ne7 39. Qd2 Nc6 40. b5 axb5 41. Bxb5 Qb4 42. Qxb4+ Nxb4 43. Ke2 Ke7 44. Kd2 Kd6 45. Kc3 Kc5 46. Be8 f6 47. Bd7 Nc6 48. Bxe6 Nxa5 49. f4 b5 50. Bd5 b4+ 51. Kd2 Nc6 52. Ke3 Nd4 53. g4 b3 54. g5 Kb4 55. gxf6 gxf6 56. f5 Ka3 57. Bxb3 Kxb3 58. Kf2 Kc3 59. Kg3 0-1

[Event "Nordic Chess-ch 2019"]
[Site "Sarpsborg"]
[Date "2019.06.22"]
[Round "3.35"]
[White "Andersen, Dag"]
[Black "Mirza, Raad"]
[Result "1/2-1/2"]
[ECO "D46"]
[WhiteElo "1817"]
[BlackElo "1991"]
[Annotator "NA"]
[PlyCount "141"]
[EventDate "2019.06.21"]
[EventType "swiss"]
[EventCountry "NOR"]
[SourceTitle "playchess.com"]
[Source "ChessBase"]
[SourceQuality "1"]
[TimeControl "40/5400+30:1800+30"]

1. d4 Nf6 2. Nf3 d5 3. c4 c6 4. e3 e6 5. Nc3 Bd6 6. Bd3 Nbd7 7. O-O O-O 8. b3 e5 9. dxe5 Nxe5 10. Be2 dxc4 11. bxc4 Be6 12. Qa4 Qc7 13. h3 Rfd8 14. Nd4 Qe7 15. Nxe6 Qxe6 16. Rb1 Ned7 17. Qc2 Rab8 18. e4 Re8 19. Bd3 Ne5 20. Be3 b6 21. Rbd1 Rbd8 22. c5 bxc5 23. Be2 Ned7 24. Bg5 h6 25. Bxf6 Nxf6 26. Bf3 Qe5 27. g3 Nh7 28. Bg2 Be7 29. f4 Qe6 30. e5 Rd4 31. Rxd4 cxd4 32. Ne4 Rc8 33. Rb1 Bd8 34. Nd6 Bb6 35. Rxb6 axb6 36. Nxc8 Qxc8 37. Qxc6 Qxc6 38. Bxc6 g6 39. Kf2 Kf8 40. Ke2 Ke7 41. Kd3 Nf8 42. Kxd4 Ne6+ 43. Kc4 Nc7 44. a4 Ke6 45. Be4 g5 46. Kd4 f6 47. f5+ Ke7 48. e6 Kd6 49. Bf3 Ne8 50. g4 Nc7 51. Kc4 Ke7 52. Bb7 Kd6 53. Be4 Ke7 54. Bc6 Kd6 55. Bf3 Ke7 56. Kb4 Kd6 57. a5 bxa5+ 58. Kxa5 Ne8 59. Kb6 Ke7 60. Kc6 Nd6 61. Bd5 Ne8 62. Kc5 Nd6 63. Bc6 Nc8 64. Bd7 Nd6 65. Kd5 Nb7 66. Ba4 Nd6 67. Bc2 Nb5 68. Bd3 Nd6 69. Kc6 Ne8 70. Bc2 Nd6 71. Bd3 1/2-1/2

[Event "Nordic Chess-ch 2019"]
[Site "Sarpsborg"]
[Date "2019.06.22"]
[Round "3.36"]
[White "Skogheim, Ole Morten"]
[Black "Sather, Lars"]
[Result "1-0"]
[ECO "B41"]
[WhiteElo "1950"]
[BlackElo "1730"]
[Annotator "NA"]
[PlyCount "79"]
[EventDate "2019.06.21"]
[EventType "swiss"]
[EventCountry "NOR"]
[SourceTitle "playchess.com"]
[Source "ChessBase"]
[SourceQuality "1"]
[TimeControl "40/5400+30:1800+30"]

1. e4 e6 2. d4 c5 3. Nf3 cxd4 4. Nxd4 a6 5. c4 Bc5 6. Nb3 Ba7 7. Nc3 Nc6 8. Qe2 Nge7 9. Be3 O-O 10. Bxa7 Nxa7 11. Qe3 f5 12. Bd3 f4 13. Qd2 Nec6 14. O-O-O Ne5 15. Be2 Nac6 16. Kb1 Na5 17. Qd4 Nec6 18. Qc5 Nxb3 19. axb3 b6 20. Qd6 Na5 21. b4 Nb7 22. Qd4 a5 23. Na4 axb4 24. Nxb6 Ra6 25. c5 Ra5 26. c6 Nc5 27. Qxb4 Nxe4 28. Nxc8 d5 29. Ne7+ Kf7 30. Qxe4 Qxe7 31. Qxh7 Qf6 32. Bh5+ Ke7 33. Qg6 Qe5 34. Rhe1 Qf5+ 35. Qxf5 Rxf5 36. Bg4 Rg5 37. Bxe6 Kd6 38. Rc1 Kc7 39. Bh3 Ra8 40. Re7+ 1-0

[Event "Nordic Chess-ch 2019"]
[Site "Sarpsborg"]
[Date "2019.06.22"]
[Round "3.37"]
[White "Larsen, Bjorn"]
[Black "Kirppo, Ronny"]
[Result "1/2-1/2"]
[ECO "B73"]
[WhiteElo "1680"]
[BlackElo "1910"]
[Annotator "NA"]
[PlyCount "58"]
[EventDate "2019.06.21"]
[EventType "swiss"]
[EventCountry "NOR"]
[SourceTitle "playchess.com"]
[Source "ChessBase"]
[SourceQuality "1"]
[TimeControl "40/5400+30:1800+30"]

1. e4 c5 2. Nf3 Nc6 3. d4 cxd4 4. Nxd4 Nf6 5. Nc3 d6 6. Be2 g6 7. Be3 Bg7 8. O-O O-O 9. Qd2 Bd7 10. Rfd1 a6 11. a4 Rc8 12. f3 Nxd4 13. Bxd4 Be6 14. Qe3 Nd7 15. Bxg7 Kxg7 16. Rd2 Qc7 17. Nd5 Bxd5 18. exd5 Nf6 19. c4 a5 20. b3 Rfd8 21. Re1 Qc5 22. Qxc5 dxc5 23. Rb2 Ne8 24. Bd1 Rc7 25. Rbe2 Kf8 26. Bc2 Nd6 27. Kf2 Re8 28. Kg3 Kg7 29. Kf4 Kf6 1/2-1/2

[Event "Nordic Chess-ch 2019"]
[Site "Sarpsborg"]
[Date "2019.06.22"]
[Round "3.38"]
[White "Bergquist, Rune"]
[Black "Andersen, Harry"]
[Result "0-1"]
[ECO "D87"]
[WhiteElo "1609"]
[BlackElo "1905"]
[Annotator "NA"]
[PlyCount "64"]
[EventDate "2019.06.21"]
[EventType "swiss"]
[EventCountry "NOR"]
[SourceTitle "playchess.com"]
[Source "ChessBase"]
[SourceQuality "1"]
[TimeControl "40/5400+30:1800+30"]

1. d4 Nf6 2. c4 g6 3. Nc3 d5 4. cxd5 Nxd5 5. e4 Nxc3 6. bxc3 Bg7 7. Bc4 O-O 8. Ne2 c5 9. Be3 Nc6 10. Rc1 Na5 11. Bd3 cxd4 12. cxd4 Nc6 13. Bb1 Bg4 14. f3 Bd7 15. h4 h5 16. e5 e6 17. Qd2 Rc8 18. Kf2 Qa5 19. Qb2 Qb4 20. Qxb4 Nxb4 21. Nc3 Rc4 22. a3 Rfc8 23. axb4 Rxc3 24. Bd2 R3c4 25. Ke3 Bf8 26. Rxc4 Rxc4 27. Ba2 Rc2 28. Bb1 Bh6+ 29. f4 Bxf4+ 30. Kxf4 Rxd2 31. Ke3 Rb2 32. Be4 Rb3+ 0-1

[Event "Nordic Chess-ch 2019"]
[Site "Sarpsborg"]
[Date "2019.06.22"]
[Round "3.40"]
[White "Stubrud, Jan Magne"]
[Black "Eriksen, Oddvar"]
[Result "1-0"]
[ECO "D00"]
[WhiteElo "1681"]
[BlackElo "1520"]
[Annotator "NA"]
[PlyCount "83"]
[EventDate "2019.06.21"]
[EventType "swiss"]
[EventCountry "NOR"]
[SourceTitle "playchess.com"]
[Source "ChessBase"]
[SourceQuality "1"]
[TimeControl "40/5400+30:1800+30"]

1. d4 d5 2. Bf4 e6 3. e3 Bd6 4. Bg3 Nf6 5. Nd2 Nbd7 6. Ngf3 a6 7. c4 Ne4 8. c5 Be7 9. Nxe4 dxe4 10. Nd2 Nf6 11. Qc2 c6 12. b4 Qd5 13. Be5 O-O 14. Bc4 Qd7 15. Nxe4 Nxe4 16. Qxe4 f6 17. Bg3 a5 18. bxa5 Rxa5 19. O-O f5 20. Qc2 Kh8 21. Be5 Bf6 22. f4 Bxe5 23. fxe5 Qe7 24. Rab1 Qg5 25. Rf3 Ra3 26. Qf2 Kg8 27. Bb3 Ra8 28. Rf1 Bd7 29. e4 f4 30. Rxf4 Rxf4 31. Qxf4 Qxf4 32. Rxf4 Rf8 33. Rf2 g6 34. d5 Rxf2 35. Kxf2 Kf7 36. Ke3 Ke7 37. Kf4 h6 38. h4 cxd5 39. exd5 exd5 40. Bxd5 Bc6 41. Bxc6 bxc6 42. a4 1-0

[Event "Nordic Chess-ch 2019"]
[Site "Sarpsborg"]
[Date "2019.06.22"]
[Round "3.41"]
[White "Lunde, Sigmund"]
[Black "Thorvlaksson, Baldvin"]
[Result "1/2-1/2"]
[ECO "B84"]
[WhiteElo "1834"]
[BlackElo "1523"]
[Annotator "NA"]
[PlyCount "126"]
[EventDate "2019.06.21"]
[EventType "swiss"]
[EventCountry "NOR"]
[SourceTitle "playchess.com"]
[Source "ChessBase"]
[SourceQuality "1"]
[TimeControl "40/5400+30:1800+30"]

1. e4 c5 2. Nf3 d6 3. Nc3 Nc6 4. d4 cxd4 5. Nxd4 Nf6 6. Be2 e6 7. O-O Be7 8. Be3 a6 9. Rb1 Bd7 10. f4 b5 11. a3 Nxd4 12. Qxd4 Bc6 13. Rbd1 d5 14. e5 Nd7 15. b4 Rb8 16. Bg4 Nb6 17. f5 Bd7 18. fxe6 Bxe6 19. Bxe6 fxe6 20. Qg4 Nc4 21. Bd4 Qd7 22. Qxg7 Rf8 23. Qxh7 Kd8 24. Rxf8+ Bxf8 25. Qxd7+ Kxd7 26. Nb1 Bh6 27. Rd3 Rg8 28. Rf3 Rg7 29. Kf2 Ke7 30. h3 Rf7 31. g4 Rf4 32. Rxf4 Bxf4 33. Kf3 Bxe5 34. Bxe5 Nxe5+ 35. Ke3 Nc4+ 36. Kd4 Kd6 37. g5 e5+ 38. Kd3 e4+ 39. Kd4 Ke6 40. g6 Kf6 41. Nc3 Nxa3 42. Nxd5+ Kxg6 43. Ne3 Kg5 44. Kxe4 Kh4 45. Kd3 Kxh3 46. Nd5 Kg3 47. Nc7 Kf4 48. Nxa6 Ke5 49. Nc5 Kd5 50. Kc3 Nb1+ 51. Kb2 Nd2 52. Nb3 Nc4+ 53. Kc3 Nb6 54. Nd2 Na4+ 55. Kb3 Nb6 56. c3 Nc8 57. Kc2 Nd6 58. Kd3 Ne8 59. Nf1 Ke5 60. Ne3 Nf6 61. c4 bxc4+ 62. Kxc4 Kd6 63. b5 Nd7 1/2-1/2

[Event "Nordic Chess-ch 2019"]
[Site "Sarpsborg"]
[Date "2019.06.22"]
[Round "3.42"]
[White "Heikkila, Raine"]
[Black "Lilleng, Gunnar"]
[Result "1/2-1/2"]
[ECO "A41"]
[WhiteElo "1663"]
[BlackElo "1485"]
[Annotator "NA"]
[PlyCount "114"]
[EventDate "2019.06.21"]
[EventType "swiss"]
[EventCountry "NOR"]
[SourceTitle "playchess.com"]
[Source "ChessBase"]
[SourceQuality "1"]
[TimeControl "40/5400+30:1800+30"]

1. e4 d6 2. d4 Nf6 3. Nc3 Bg4 4. Nf3 e6 5. Be2 Nbd7 6. h3 Bh5 7. Bg5 Be7 8. Qd3 c6 9. O-O-O h6 10. Be3 Bg6 11. Nd2 d5 12. f3 Nh5 13. g4 Ng3 14. Rhg1 Nxe2+ 15. Qxe2 Nb6 16. Rdf1 Bh7 17. f4 dxe4 18. Ndxe4 Nd5 19. Kb1 Nxe3 20. Qxe3 g6 21. g5 h5 22. h4 Qb6 23. Na4 Qc7 24. Nac5 b6 25. Nd3 O-O 26. Ne5 a5 27. Qf3 Rac8 28. Nf6+ Kg7 29. Nxh7 Kxh7 30. Qe4 Kg7 31. Rg2 Rfd8 32. c3 c5 33. Rd2 cxd4 34. Rxd4 Rxd4 35. Qxd4 Bc5 36. Qe4 Rd8 37. Kc2 Rd5 38. Rf3 Be7 39. Rd3 Rxd3 40. Nxd3 Bd6 41. a3 Kg8 42. b4 axb4 43. axb4 Kf8 44. Kb3 Qb8 45. Qd4 Kg8 46. c4 Bc7 47. Qf6 Qd8 48. Qxd8+ Bxd8 49. b5 f6 50. Kc3 fxg5 51. fxg5 Bc7 52. c5 bxc5 53. Nxc5 Kf7 54. Kc4 Ke7 55. Ne4 Bb6 56. Kd3 e5 57. Kc4 Ke6 1/2-1/2

[Event "Nordic Chess-ch 2019"]
[Site "Sarpsborg"]
[Date "2019.06.23"]
[Round "4.2"]
[White "Urkedal, Frode Olav Olsen"]
[Black "Notkevich, Benjamin Arvola"]
[Result "1-0"]
[ECO "D41"]
[WhiteElo "2525"]
[BlackElo "2485"]
[Annotator "ChessBase"]
[PlyCount "91"]
[EventDate "2019.06.21"]
[EventType "swiss"]
[EventCountry "NOR"]
[SourceTitle "playchess.com"]
[Source "ChessBase"]
[SourceQuality "1"]
[TimeControl "40/5400+30:1800+30"]

1. d4 Nf6 2. c4 e6 3. Nf3 d5 4. Nc3 c5 5. cxd5 Nxd5 6. e4 Nxc3 7. bxc3 cxd4 8. cxd4 Bb4+ 9. Bd2 Bxd2+ 10. Qxd2 O-O 11. Bc4 Nd7 12. O-O b6 13. Rfe1 Bb7 14. Rad1 Rc8 15. Bb3 h6 16. h3 Re8 17. Qf4 Nf6 18. d5 exd5 19. e5 Nh7 20. Nd4 Nf8 21. Nf5 Rc5 22. Nd6 Re7 23. Qg3 Rec7 24. f4 Rc3 25. Qg4 Bc8 26. f5 Qg5 27. Qxg5 hxg5 28. e6 fxe6 29. Nxc8 Rxc8 30. fxe6 Nh7 31. Bxd5 Nf6 32. e7+ Nxd5 33. e8=Q+ Rxe8 34. Rxe8+ Kf7 35. Ra8 Rc5 36. Rxa7+ Kg6 37. Rd2 g4 38. hxg4 Nf6 39. Rd4 b5 40. Kh2 Kh6 41. Rb7 Nd5 42. g5+ Kg6 43. Rd7 Nc3 44. R4d6+ Kh7 45. Rh6+ Kg8 46. Rg6 1-0

[Event "Nordic Chess-ch 2019"]
[Site "Sarpsborg"]
[Date "2019.06.23"]
[Round "4.8"]
[White "Dragicevic, Drazen"]
[Black "Rishovd, Svein"]
[Result "1-0"]
[ECO "A13"]
[WhiteElo "2359"]
[BlackElo "2113"]
[Annotator "NA"]
[PlyCount "75"]
[EventDate "2019.06.21"]
[EventType "swiss"]
[EventCountry "NOR"]
[SourceTitle "playchess.com"]
[Source "ChessBase"]
[SourceQuality "1"]
[TimeControl "40/5400+30:1800+30"]

1. c4 e6 2. g3 d5 3. Bg2 Nf6 4. Nf3 dxc4 5. Qa4+ c6 6. Qxc4 b5 7. Qc2 Bb7 8. O-O Nbd7 9. a4 a6 10. d3 $11 Rc8 11. b3 c5 12. axb5 axb5 13. Nc3 Qb6 14. Be3 Be7 15. Qa2 Nd5 16. Nxd5 Bxd5 17. Nd2 Bf6 18. Rac1 Bxg2 19. Kxg2 O-O 20. Ne4 Qb7 21. f3 Be7 22. Ra1 Ra8 23. Qc2 Rfc8 24. Rfc1 f5 25. Ng5 Qd5 26. Nh3 e5 27. b4 Rxa1 28. Rxa1 Nb6 29. Qb1 Na4 30. bxc5 Nc3 31. Qb2 b4 32. Qxb4 Nxe2 33. Ra7 Bxc5 34. Bxc5 Qxc5 35. Qb7 Qf8 36. Ng5 Nd4 37. Qd5+ Kh8 38. Nf7+ 1-0

[Event "Nordic Chess-ch 2019"]
[Site "Sarpsborg"]
[Date "2019.06.23"]
[Round "4.9"]
[White "Ernst, Thomas"]
[Black "Sjoberg, Isak"]
[Result "1-0"]
[ECO "A65"]
[WhiteElo "2342"]
[BlackElo "2222"]
[Annotator "ChessBase"]
[PlyCount "41"]
[EventDate "2019.06.21"]
[EventType "swiss"]
[EventCountry "NOR"]
[SourceTitle "playchess.com"]
[Source "ChessBase"]
[SourceQuality "1"]
[TimeControl "40/5400+30:1800+30"]

1. d4 Nf6 2. c4 g6 3. Nc3 Bg7 4. e4 d6 5. f3 O-O 6. Be3 c5 7. Nge2 Nc6 8. d5 Ne5 9. Ng3 e6 10. Be2 exd5 11. cxd5 a6 12. a4 h5 13. O-O Bd7 14. h3 h4 15. Nh1 b5 16. Bg5 c4 17. Bxh4 Qb8 18. Qd2 Rc8 19. Bf2 b4 20. Nd1 Kh7 21. Bd4 1-0

[Event "Nordic Chess-ch 2019"]
[Site "Sarpsborg"]
[Date "2019.06.23"]
[Round "4.10"]
[White "Gonzalez, Francisco Silva"]
[Black "Cederstam Barsk, Carl"]
[Result "1/2-1/2"]
[ECO "D36"]
[WhiteElo "2095"]
[BlackElo "2334"]
[Annotator "NA"]
[PlyCount "83"]
[EventDate "2019.06.21"]
[EventType "swiss"]
[EventCountry "NOR"]
[SourceTitle "playchess.com"]
[Source "ChessBase"]
[SourceQuality "1"]
[TimeControl "40/5400+30:1800+30"]

1. d4 d5 2. c4 e6 3. Nc3 Nf6 4. Bg5 Be7 5. e3 Nbd7 6. Nf3 h6 7. Bh4 O-O 8. Qc2 c6 9. cxd5 exd5 10. Bd3 Nh5 11. Bxe7 Qxe7 12. O-O Nhf6 13. Rab1 Nb6 $14 14. Rfe1 Be6 15. b4 a6 16. a4 Rfc8 17. h3 Rc7 18. a5 Nc8 19. Na4 Nd6 20. Nc5 Re8 21. Ne5 Bc8 22. Rbc1 Qd8 23. f3 Kh8 24. Rcd1 Nd7 25. f4 Nf8 26. g4 Kg8 27. Kg2 Rce7 28. Qf2 f6 29. Ng6 Nxg6 30. Bxg6 Rf8 31. Bd3 f5 32. Qg3 Qe8 33. g5 h5 34. Kh2 g6 35. h4 Qd8 36. Qg1 Ne4 37. Bxe4 fxe4 38. Rd2 Qc7 39. Qg3 Bf5 40. Na4 Qd6 41. Rb2 Rc7 42. Rc1 1/2-1/2

[Event "Nordic Chess-ch 2019"]
[Site "Sarpsborg"]
[Date "2019.06.23"]
[Round "4.11"]
[White "Tryggestad, Andreas Garberg"]
[Black "Blauhut, Holger"]
[Result "1/2-1/2"]
[ECO "D55"]
[WhiteElo "2324"]
[BlackElo "2041"]
[Annotator "NA"]
[PlyCount "71"]
[EventDate "2019.06.21"]
[EventType "swiss"]
[EventCountry "NOR"]
[SourceTitle "playchess.com"]
[Source "ChessBase"]
[SourceQuality "1"]
[TimeControl "40/5400+30:1800+30"]

1. d4 d5 2. c4 e6 3. Nf3 Nf6 4. Nc3 Be7 5. Bg5 h6 6. Bxf6 Bxf6 7. e3 O-O 8. Qc2 c5 9. O-O-O cxd4 10. Nxd4 Nc6 11. Nb3 $17 Qb6 12. a3 dxc4 13. Bxc4 Na5 14. Nxa5 Qxa5 15. Ne4 Be7 16. Qc3 Qxc3+ 17. Nxc3 a6 18. a4 Rd8 19. Rxd8+ Bxd8 20. Rd1 Ba5 21. Kc2 Kf8 22. Na2 Ke7 23. b4 Bc7 24. Nc3 Bd7 25. b5 axb5 26. Bxb5 Bxb5 27. Nxb5 Rc8 28. Kb3 Ba5 29. Na3 Rc3+ 30. Kb2 Rc6 31. Rd3 h5 32. Kb3 Rb6+ 33. Nb5 Rc6 34. Na3 Rb6+ 35. Nb5 Rc6 36. Na3 1/2-1/2

[Event "Nordic Chess-ch 2019"]
[Site "Sarpsborg"]
[Date "2019.06.23"]
[Round "4.12"]
[White "Fernandez, Juan Pablo"]
[Black "Hobber, Anders"]
[Result "0-1"]
[ECO "A11"]
[WhiteElo "2066"]
[BlackElo "2282"]
[Annotator "NA"]
[PlyCount "68"]
[EventDate "2019.06.21"]
[EventType "swiss"]
[EventCountry "NOR"]
[SourceTitle "playchess.com"]
[Source "ChessBase"]
[SourceQuality "1"]
[TimeControl "40/5400+30:1800+30"]

1. c4 c6 2. g3 d5 3. Nf3 Nf6 4. Bg2 Bg4 5. Ne5 Be6 6. cxd5 Bxd5 7. Nf3 c5 8. Nc3 Bc6 9. O-O Nbd7 10. d3 e6 11. e4 Be7 12. Qe2 O-O $14 13. Rd1 e5 14. Nh4 Re8 15. Nf5 Nf8 16. Bh3 Ne6 17. Nxe7+ Qxe7 18. Bxe6 Qxe6 19. Be3 b6 20. f3 Nd7 21. Qf2 Rad8 22. a4 a5 23. Qc2 Nb8 24. Nb1 Na6 25. Bd2 Qd7 26. Bc3 c4 27. d4 Nc5 28. d5 Bxa4 29. Qe2 Bxd1 30. Qxd1 Nb3 31. Ra3 Qb5 32. f4 Qc5+ 33. Kg2 Qe3 34. Qf3 exf4 0-1

[Event "Nordic Chess-ch 2019"]
[Site "Sarpsborg"]
[Date "2019.06.23"]
[Round "4.13"]
[White "Ingebretsen, Jens E"]
[Black "Kristiansen, Rune Harald"]
[Result "1-0"]
[ECO "A02"]
[WhiteElo "2263"]
[BlackElo "1849"]
[Annotator "NA"]
[PlyCount "97"]
[EventDate "2019.06.21"]
[EventType "swiss"]
[EventCountry "NOR"]
[SourceTitle "playchess.com"]
[Source "ChessBase"]
[SourceQuality "1"]
[TimeControl "40/5400+30:1800+30"]

1. b3 Nf6 2. Bb2 b6 3. f4 Bb7 4. Nf3 e6 5. e3 Be7 6. Be2 d6 7. O-O h6 8. Qe1 Nbd7 9. Nc3 c5 10. Nd1 Qc7 $14 11. a4 a6 12. Nf2 Rg8 13. h3 Nd5 14. Nh2 O-O-O 15. a5 b5 16. c4 bxc4 17. Bxc4 Nb4 18. Qe2 d5 19. Bd3 Bf6 20. Bc3 Nxd3 21. Nxd3 Bxc3 22. dxc3 Qc6 23. Nf3 f6 24. Rfb1 Rde8 25. b4 c4 26. b5 axb5 27. Nb4 Qc5 28. a6 Ba8 29. Nc2 e5 30. f5 Kc7 31. Ra5 Rb8 32. a7 Rb7 33. Na3 Kd8 34. Nxb5 Qb6 35. Raa1 Qc5 36. Ra5 Qb6 37. Ra2 Nc5 38. Qd2 Nd3 39. Ne1 Qc5 40. Nxd3 cxd3 41. Qxd3 Ke7 42. Rab2 Rd8 43. Kh1 Rdd7 44. Rb4 Qc6 45. Qe2 Rxb5 46. Rxb5 Rxa7 47. Qg4 g5 48. fxg6 Ra1 49. Rxa1 1-0

[Event "Nordic Chess-ch 2019"]
[Site "Sarpsborg"]
[Date "2019.06.23"]
[Round "4.14"]
[White "Jashari, Driton"]
[Black "Vitenberg, Noam Aviv"]
[Result "0-1"]
[ECO "B13"]
[WhiteElo "1755"]
[BlackElo "2256"]
[Annotator "NA"]
[PlyCount "76"]
[EventDate "2019.06.21"]
[EventType "swiss"]
[EventCountry "NOR"]
[SourceTitle "playchess.com"]
[Source "ChessBase"]
[SourceQuality "1"]
[TimeControl "40/5400+30:1800+30"]

1. e4 c6 2. d4 d5 3. exd5 cxd5 4. c3 Bf5 5. Bd3 Bxd3 6. Qxd3 e6 7. Nf3 Bd6 8. Nbd2 Ne7 9. Nb3 Qc7 10. g3 Nbc6 11. Nh4 O-O $11 12. f4 f6 13. O-O e5 14. Nf5 e4 15. Nxe7+ Nxe7 16. Qe2 f5 17. Be3 Rac8 18. Nd2 b5 19. Rfc1 g5 20. Rf1 gxf4 21. Bxf4 Bxf4 22. Rxf4 Ng6 23. Rff1 Qd6 24. a3 f4 25. Qg4 f3 26. Nxf3 exf3 27. Rxf3 Rxf3 28. Qxc8+ Rf8 29. Qg4 Qf6 30. Qe2 Kh8 31. Re1 Kg7 32. h4 h5 33. Kg2 Qf5 34. b3 Kh7 35. c4 Nxh4+ 36. gxh4 Rg8+ 37. Kh1 Qh3+ 38. Qh2 Qf3+ 0-1

[Event "Nordic Chess-ch 2019"]
[Site "Sarpsborg"]
[Date "2019.06.23"]
[Round "4.15"]
[White "Altarbosh, Ward"]
[Black "Johansen, Kolbjorn-Albin"]
[Result "1-0"]
[ECO "B11"]
[WhiteElo "2250"]
[BlackElo "1690"]
[Annotator "NA"]
[PlyCount "91"]
[EventDate "2019.06.21"]
[EventType "swiss"]
[EventCountry "NOR"]
[SourceTitle "playchess.com"]
[Source "ChessBase"]
[SourceQuality "1"]
[TimeControl "40/5400+30:1800+30"]

1. e4 c6 2. Nf3 d5 3. Nc3 Bg4 4. h3 Bxf3 5. Qxf3 e6 6. d3 Nd7 7. Bd2 Qb6 8. Be2 g6 9. O-O Bg7 10. Rfb1 h6 $11 11. b4 d4 12. Na4 Qc7 13. b5 c5 14. Nb2 Ne7 15. Nc4 O-O 16. a4 Rad8 17. a5 Qb8 18. g3 Ne5 19. Nxe5 Bxe5 20. Bxh6 Bg7 21. Bg5 Rd7 22. h4 f6 23. Qg4 Qd6 24. Bf4 e5 25. Bd2 f5 26. Qh3 Kf7 27. h5 Ke8 28. h6 Bh8 29. Kg2 Kd8 30. h7 f4 31. Bg4 g5 32. Bxd7 Qxd7 33. Qxd7+ Kxd7 34. Rh1 Ke6 35. Rh6+ Kf7 36. Rah1 Ng6 37. R1h5 Bg7 38. h8=Q Nxh8 39. Rd6 Ke7 40. Rd5 b6 41. Rxg5 Bf6 42. Rgxe5+ Bxe5 43. Rxe5+ Kd7 44. Bxf4 Ng6 45. Rd5+ Kc8 46. axb6 1-0

[Event "Nordic Chess-ch 2019"]
[Site "Sarpsborg"]
[Date "2019.06.23"]
[Round "4.17"]
[White "Haugli, Petter"]
[Black "Kreken, Eivind Grunt"]
[Result "1-0"]
[ECO "A34"]
[WhiteElo "2223"]
[BlackElo "1784"]
[Annotator "NA"]
[PlyCount "65"]
[EventDate "2019.06.21"]
[EventType "swiss"]
[EventCountry "NOR"]
[SourceTitle "playchess.com"]
[Source "ChessBase"]
[SourceQuality "1"]
[TimeControl "40/5400+30:1800+30"]

1. c4 c5 2. Nc3 Nf6 3. g3 d5 4. cxd5 Nxd5 5. Bg2 Nc7 6. Nf3 Nc6 7. O-O e5 8. d3 Be7 9. Nd2 Bd7 10. Nc4 f6 11. f4 b5 12. Ne3 exf4 13. Rxf4 O-O 14. Nf5 g6 (14... Rc8 $11) 15. Nxe7+ $14 Qxe7 16. Rf2 Rab8 17. Bh6 Rfc8 18. Ne4 Nd5 19. Qf1 f5 20. Bg5 Qf8 21. Nc3 Nxc3 22. bxc3 Be6 23. e4 Qg7 24. exf5 gxf5 25. Bf4 Rb7 26. Re1 Qd7 27. Be3 Qd6 28. Bxc5 Qd7 29. Qe2 Bd5 30. Bh3 Qg7 31. Bxf5 Rd8 32. Be6+ Bxe6 33. Qxe6+ 1-0

[Event "Nordic Chess-ch 2019"]
[Site "Sarpsborg"]
[Date "2019.06.23"]
[Round "4.18"]
[White "Abdrlauf, Elham"]
[Black "Tenold, Andreas"]
[Result "1-0"]
[ECO "B77"]
[WhiteElo "2207"]
[BlackElo "1959"]
[Annotator "NA"]
[PlyCount "87"]
[EventDate "2019.06.21"]
[EventType "swiss"]
[EventCountry "NOR"]
[SourceTitle "playchess.com"]
[Source "ChessBase"]
[SourceQuality "1"]
[TimeControl "40/5400+30:1800+30"]

1. e4 c5 2. Nf3 g6 3. d4 cxd4 4. Nxd4 Nc6 5. Nc3 Bg7 6. Be3 Nf6 7. Bc4 O-O 8. Bb3 d6 9. f3 Bd7 10. Qd2 Nxd4 11. Bxd4 b5 12. h4 a5 13. h5 a4 14. Bd5 b4 15. Ne2 Rc8 $14 (15... e5 $11 16. Bxa8 exd4) 16. hxg6 hxg6 17. Bxf6 exf6 18. Nf4 f5 19. Nxg6 Qf6 20. Nxf8 Qxb2 21. O-O Rxc2 22. Rab1 Rxd2 23. Rxb2 Rxb2 24. Nxd7 fxe4 25. fxe4 b3 26. axb3 a3 27. b4 a2 28. Bxf7+ Kh8 29. Bxa2 Rxa2 30. Rb1 Ra7 31. Nb8 Rb7 32. Nc6 Rb5 33. Kf2 Kg8 34. Ne7+ Kf7 35. Nd5 Bd4+ 36. Ke2 Ba7 37. Kd3 Rb7 38. Rf1+ Kg7 39. Rc1 Bb8 40. Rc6 Rd7 41. b5 Kg6 42. b6 Kg5 43. Rc8 Rb7 44. Kd4 1-0

[Event "Nordic Chess-ch 2019"]
[Site "Sarpsborg"]
[Date "2019.06.23"]
[Round "4.19"]
[White "Kvaloy, Aksel Bu"]
[Black "Ptacnikova, Lenka"]
[Result "1-0"]
[ECO "A05"]
[WhiteElo "2138"]
[BlackElo "2145"]
[Annotator "NA"]
[PlyCount "73"]
[EventDate "2019.06.21"]
[EventType "swiss"]
[EventCountry "NOR"]
[SourceTitle "playchess.com"]
[Source "ChessBase"]
[SourceQuality "1"]
[TimeControl "40/5400+30:1800+30"]

1. e4 c5 2. Nf3 e6 3. g3 b6 4. Bg2 Bb7 5. d3 Nf6 6. O-O Be7 7. Re1 d6 8. c3 O-O 9. a3 a5 10. a4 $14 d5 11. e5 Nfd7 12. Na3 Nc6 13. h4 Re8 14. Bf4 Na7 15. h5 h6 16. Kh2 Bc6 17. Qb3 c4 18. dxc4 Nc5 19. Qa2 Nd3 20. Red1 Nxf2 21. cxd5 exd5 22. Rf1 Nd3 23. Nd4 Bb7 24. Rad1 Nxf4 25. gxf4 Bxa3 26. Qxa3 Qh4+ 27. Kg1 Qxh5 28. Qd6 Ba6 29. Rf3 Nc8 30. Qc6 Ne7 31. Qxb6 Ng6 32. Rd2 Nh4 33. Rg3 Nxg2 34. Rdxg2 Qd1+ 35. Kh2 g5 36. Qxh6 f6 37. Rxg5+ 1-0

[Event "Nordic Chess-ch 2019"]
[Site "Sarpsborg"]
[Date "2019.06.23"]
[Round "4.20"]
[White "Neretljak, Nedzad"]
[Black "Johansen, Torbjorn Reidar"]
[Result "0-1"]
[ECO "B58"]
[WhiteElo "2114"]
[BlackElo "1754"]
[Annotator "NA"]
[PlyCount "116"]
[EventDate "2019.06.21"]
[EventType "swiss"]
[EventCountry "NOR"]
[SourceTitle "playchess.com"]
[Source "ChessBase"]
[SourceQuality "1"]
[TimeControl "40/5400+30:1800+30"]

1. e4 c5 2. Nf3 d6 3. Nc3 Nf6 4. d4 cxd4 5. Nxd4 Nc6 6. h3 e5 7. Nf3 h6 8. Be3 Be6 $11 9. Be2 Be7 10. O-O O-O 11. Qd2 d5 12. exd5 Nxd5 13. Nxd5 Qxd5 14. Qc1 e4 15. Rd1 Qf5 16. Nd4 Nxd4 17. Bxd4 Qg6 18. Kh1 f5 19. Be5 Qf7 20. f4 Rac8 21. c3 Rfd8 22. Qe3 b6 23. b3 Qg6 24. Ba6 Rxd1+ 25. Rxd1 Rd8 26. Rxd8+ Bxd8 27. Kh2 Qe8 28. Qd4 g5 29. Bh8 Qd7 30. Qxd7 Bxd7 31. Be5 b5 32. c4 e3 33. Kg1 Bb6 34. Kf1 Bc6 35. Bxb5 Be4 36. b4 Bd3+ 37. Ke1 gxf4 38. a4 f3 39. gxf3 Bd8 40. Kd1 e2+ 41. Kd2 Bh4 42. Kxd3 e1=Q 43. Kd4 Qxb4 44. Kd5 Kf7 45. Bd6 Qd2+ 46. Kc6 Ke6 47. c5 Qd5+ 48. Kc7 Be7 49. Bd7+ Kf7 50. Bc6 Bxd6+ 51. cxd6 Qa5+ 52. Kd7 Qb6 53. f4 a6 54. h4 Qd4 55. Kc7 Qxf4 56. Bd5+ Kf6 57. Kc6 Qxa4+ 58. Kc7 Qa5+ 0-1